Map: Frost LE

Players

zocker - Winner!

  • Race: Terran Terran
  • League: Platinum

Ape

  • Race: Protoss Protoss
  • League: Platinum

VOD

Have the link to the VOD?

Description

Time

  • Played on: July 24, 2016, 8:13 a.m.
  • Length: 5:42
Show
View Real Time Build Order
Export as new Build Order

zocker Terran - Winner!

Build Orders:  

Get SALT Encoding   

  12  0:01  SCV  
  13  0:13  SCV  
  14  0:19  Supply Depot  
  14  0:27  Refinery  
  14  0:30  SCV  
  15  0:45  Barracks  
  15  0:50  SCV  
  16  1:02  Supply Depot  
  16  1:05  SCV  
  17  1:22  Barracks  
  17  1:29  SCV  
  17  1:32  Barracks Reactor  
  18  1:44  Engineering Bay  
  18  1:50  SCV  
  19  2:02  Supply Depot  
  19  2:09  Barracks Tech Lab  
  19  2:11  Marine x2  
  21  2:19  Terran Infantry Weapons Level 1  
  21  2:28  Marauder  
  23  2:33  Marine x2  
  25  2:44  Combat Shields  
  25  2:50  Marine  
  25  2:51  Marine  
  26  2:55  Marauder  
  29  3:02  Missile Turret  
  29  3:08  Marine  
  29  3:09  Marine  
  31  3:16  Marauder  
  33  3:26  Supply Depot  
  33  3:29  Marine  
  33  3:30  Marine  
  35  3:38  Marauder  
  37  3:51  Marine  
  37  3:52  Marine  
  39  3:59  Marauder  
  41  4:05  Supply Depot  
  41  4:13  Marine  
  41  4:14  Marine  
  43  4:20  Marauder  
  45  4:31  Marine x2  
  47  4:42  Marauder  
  45  4:57  Marine  
  45  4:58  Marine  
  47  5:03  Marauder  
  44  5:15  Marine x2  
Show
View Real Time Build Order
Export as new Build Order

Ape Protoss 

Build Orders: Blink Stalkers 

Get SALT Encoding   

  12  0:01  Probe (Chrono Boost)  
  13  0:11  Probe (Chrono Boost)  
  14  0:18  Pylon  
  14  0:22  Probe (Chrono Boost)  
  15  0:36  Gateway  
  15  0:38  Probe (Chrono Boost)  
  16  0:49  Probe (Chrono Boost)  
  17  0:51  Assimilator  
  17  0:54  Assimilator  
  17  0:59  Probe (Chrono Boost)  
  18  1:08  Pylon  
  18  1:11  Probe (Chrono Boost)  
  19  1:21  Probe (Chrono Boost)  
  19  1:23  Cybernetics Core  
  20  1:32  Probe (Chrono Boost)  
  21  1:43  Probe (Chrono Boost)  
  22  1:53  Warp Gate, Probe (Chrono Boost)  
  23  2:04  Twilight Council  
  23  2:08  Stalker  
  25  2:13  Gateway  
  25  2:18  Probe (Chrono Boost)  
  26  2:34  Mothership Core (Chrono Boost), Blink  
  28  2:38  Stalker  
  28  2:39  Pylon  
  30  2:57  Pylon  
  30  3:05  Stalker  
  32  3:14  Stalker  
  34  3:24  Gateway  
  34  3:35  Stalker  
  36  3:44  Stalker  
  38  3:49  Pylon  
  37  4:21  Robotics Facility x2  
  37  4:27  Adept  
  39  4:39  Pylon  
  39  4:41  Pylon  
  38  4:46  Probe (Chrono Boost)  
  35  5:00  Mothership Core (Chrono Boost)  
  35  5:04  Adept x2  
  25  5:27  Adept  
Tags
 
Add a new tag
Caveats
  • Supply blocks, unpowered buildings, or Contaminate may cause inaccurate times.
  • Supply counts are checked every 10 seconds.